AoeStats
← JakeElPerro

MegaRandom

509804877Analyzed
4v4 RM · 4d ago on Sep 28, 2026· 113m 45s· 8 players
Game mode
Random Map
Map size
Large (8 player)
Population
200
Speed
Normal
Resources
Standard
Victory
Conquest
Starting age
Dark Age
Ending age
Imperial Age
RankedLock teamsTeams togetherTeam positionsShared explorationLock speedFull tech treeHidden civsTurbo modeCheats
Victory
Defeat
🇲🇽 Britons · Mexico
718
+13
🇲🇽 Persians · Mexico
700
+14
🇧🇷 Romans · Brazil
678
+15
🇨🇱 Byzantines · Chile
658
+21
🇺🇸 Byzantines · United States
673
-15
🇺🇸 Wei · United States
672
-15
🇨🇱 Khmer · Chile
640
-14
🇨🇦 Britons · Canada
626
-13
Cami Fer
4:24 Loom
13:38 Feudal Age
17:12 Fishing Lines
18:43 Double-Bit Axe
20:19 Wheelbarrow
19:35 Town Watch
24:16 Castle Age
27:36 Imperial Age
24:32 Pikeman
26:01 Gold Mining
26:25 Man-at-Arms
27:19 Bloodlines
26:29 Light Cavalry
27:20 Stone Mining
28:13 Gold Shaft Mining
28:14 Hand Cart
28:02 Town Patrol
29:40 Husbandry
29:51 Gillnets
30:27 Demolition Ship
33:40 Bow Saw
36:47 Chemistry
35:44 Murder Holes
36:45 Medium Warships
44:14 Stone Shaft Mining
44:09 Caravan
48:05 Elite Battle Elephant
51:50 Conscription
52:18 Elite Cannon Galleon
53:25 Heavy Warships
53:23 Masonry
56:50 Ballistics
57:00 Architecture
56:38 Siphons
56:44 Clinker Construction
56:45 Careening
58:36 Heavy Scorpion
59:21 Double Crossbow
65:53 Capped Ram
68:46 Elite Ballista Elephant
70:03 Hoardings
77:10 Scale Barding Armor
77:16 Forging
76:57 Fletching
77:07 Padded Archer Armor
77:08 Scale Mail Armor
77:36 Siege Ram
97:05 Long Swordsman
owen and marlon
9:26 Loom
11:19 Feudal Age
12:44 Fishing Lines
12:58 Double-Bit Axe
14:28 Wheelbarrow
14:28 Loom
14:31 Town Watch
20:40 Castle Age
22:05 Bow Saw
21:49 Gillnets
25:12 Medium Warships
27:04 Fletching
27:33 Hand Cart
29:17 Ballistics
28:38 Treadmill Crane
30:31 Horse Collar
34:57 Imperial Age
33:20 Forging
33:06 Bodkin Arrow
33:12 Padded Archer Armor
34:00 Gold Mining
34:58 Siphons
35:06 Clinker Construction
35:08 Heavy Plow
38:03 Heavy Warships
39:05 Conscription
39:50 Chemistry
39:04 Masonry
38:50 Murder Holes
39:36 Bracer
40:12 Iron Casting
39:52 Leather Archer Armor
45:53 Elite Skirmisher
51:26 Two-Man Saw
54:35 Ring Archer Armor
56:31 Hoardings
58:08 Yeomen
64:02 Elite Longbowman
76:45 Pikeman
77:27 Squires
79:51 Halberdier
91:56 Gambesons
MordorQva
11:41 Feudal Age
14:37 Double-Bit Axe
17:49 Wheelbarrow
17:26 Fishing Lines
19:28 Horse Collar
23:01 Castle Age
21:20 Gold Mining
24:48 Gillnets
24:45 Pikeman
26:28 Heavy Plow
28:07 Hand Cart
28:18 Forging
28:08 Scale Mail Armor
28:14 Scale Mail Armor
28:59 Caravan
30:05 Squires
32:07 Bow Saw
32:58 Arson
36:02 Greek Fire
36:54 Chain Mail Armor
36:46 Scale Barding Armor
41:12 Imperial Age
39:41 Chain Barding Armor
40:10 Gold Shaft Mining
39:26 Stone Mining
42:08 Logistica
42:39 Ballistics
42:13 Arrowslits
43:29 Chemistry
42:24 Guard Tower
42:32 Onager
43:53 Crop Rotation
43:25 Onager
43:39 Elite Varangian Guard
45:11 Stone Shaft Mining
46:06 Medium Warships
47:12 Bombard Tower
48:28 Two-Man Saw
47:22 Loom
48:28 Plate Mail Armor
48:09 Forging
48:17 Elite Cataphract
51:51 Heavy Warships
52:38 Siphons
52:57 Shipwright
52:52 Clinker Construction
52:28 Treadmill Crane
55:19 Plate Barding Armor
55:19 Iron Casting
54:35 Fletching
54:45 Padded Archer Armor
55:14 Conscription
59:11 Keep
58:46 Fortified Wall
58:32 Murder Holes
66:37 Halberdier
75:03 Bodkin Arrow
75:23 Leather Archer Armor
Eel Eye
4:23 Loom
13:32 Feudal Age
14:36 Double-Bit Axe
18:56 Castle Age
25:19 Pikeman
28:12 Wheelbarrow
33:17 Hand Cart
35:12 Horse Collar
35:45 Bow Saw
42:33 Imperial Age
41:55 Bloodlines
43:12 Town Watch
50:21 Block Printing
62:22 Forging
62:20 Scale Barding Armor
62:28 Fletching
65:52 Parthian Tactics
64:50 Heavy Hei Guang Cavalry
68:03 Iron Casting
67:49 Chain Barding Armor
74:37 Ming Guang Armor
76:57 Blast Furnace
78:02 Thumb Ring
78:23 Husbandry
OtraNocheEnMiami
20:17 Feudal Age
19:27 Loom
22:25 Wheelbarrow
22:25 Horse Collar
22:31 Double-Bit Axe
22:38 Gold Mining
22:39 Stone Mining
24:56 Man-at-Arms
32:51 Castle Age
32:54 Long Swordsman
33:20 Gambesons
33:36 Squires
33:22 Arson
35:16 Hand Cart
38:42 Medium Warships
39:24 Gold Shaft Mining
38:57 Caravan
39:19 Forging
39:09 Scale Mail Armor
39:15 Scale Barding Armor
39:10 Padded Archer Armor
43:34 Bow Saw
43:37 Heavy Plow
44:09 Medium Warships
50:38 Imperial Age
48:33 Pikeman
52:08 Elite Cataphract
53:25 Hoardings
53:12 Conscription
53:05 Logistica
53:46 Stone Shaft Mining
53:36 Guilds
53:03 Onager
53:04 Capped Ram
57:15 Two-Man Saw
63:16 Chain Barding Armor
63:21 Chain Mail Armor
63:42 Iron Casting
68:32 Plate Barding Armor
68:17 Husbandry
67:54 Heavy Camel Rider
83:05 Medium Warships
89:13 Heavy Warships
91:52 Heavy Warships
91:59 Heavy Warships
112:00 Spies/Treason
evairdaniel
4:44 Loom
11:49 Feudal Age
12:20 Double-Bit Axe
18:39 Horse Collar
19:41 Wheelbarrow
19:45 Gold Mining
19:49 Stone Mining
25:49 Castle Age
26:50 Hand Cart
27:17 Bow Saw
29:16 Gold Shaft Mining
29:51 Heavy Plow
29:39 Man-at-Arms
34:55 Imperial Age
33:09 Medium Warships
32:58 Fishing Lines
34:29 Long Swordsman
35:14 Scale Mail Armor
35:25 Forging
35:16 Padded Archer Armor
35:22 Scale Barding Armor
35:07 Fletching
40:19 Heavy Warships
42:09 Crop Rotation
42:21 Iron Casting
41:42 Bodkin Arrow
42:02 Leather Archer Armor
42:03 Chain Mail Armor
42:09 Chain Barding Armor
42:27 Legionary
43:58 Town Watch
45:22 Blast Furnace
45:28 Ring Archer Armor
45:05 Caravan
49:30 Heavy Scorpion
61:44 Plate Barding Armor
90:30 Conscription
90:30 Comitatenses
89:32 Elite Centurion
90:20 Ballistas
92:07 Fortified Wall
91:53 Murder Holes
92:59 Chemistry
94:14 Town Patrol
arhogamer
0:44 Loom
6:18 Loom
12:37 Feudal Age
13:58 Wheelbarrow
22:07 Castle Age
23:22 Hand Cart
23:46 Medium Warships
24:08 Caravan
24:23 Double-Bit Axe
26:04 Bow Saw
25:54 Horse Collar
32:34 Kamandaran
33:16 Scale Barding Armor
33:12 Scale Mail Armor
33:23 Forging
33:03 Fletching
33:14 Padded Archer Armor
35:05 Siphons
35:10 Clinker Construction
35:11 Careening
34:58 Stone Mining
35:00 Gold Mining
38:38 Crossbowman
39:24 Thumb Ring
42:10 Imperial Age
39:26 Town Watch
39:59 Heavy Plow
39:51 Demolition Ship
43:36 Two-Man Saw
43:09 Crop Rotation
43:50 Conscription
42:51 Elite War Elephant
44:08 Chain Barding Armor
44:04 Chain Mail Armor
44:24 Iron Casting
44:05 Leather Archer Armor
43:46 Bodkin Arrow
45:03 Chemistry
44:23 Ballistics
43:53 Guard Tower
44:15 Masonry
46:42 Ballistics
46:12 Heated Shot
46:18 Murder Holes
47:44 Citadels
47:05 Sappers
48:10 Hoardings
50:19 Elite Cannon Galleon
50:19 Heavy Demolition Ship
51:25 Heavy Warships
51:14 Incendiaries
51:25 Carvel Hull
51:36 Architecture
54:09 Plate Barding Armor
54:04 Plate Mail Armor
54:35 Blast Furnace
54:05 Ring Archer Armor
60:34 Guilds
60:54 Coinage
67:05 Cavalier
67:46 Husbandry
67:57 Bloodlines
68:08 Savar
69:29 Banking
82:39 Light Cavalry
82:40 Heavy Camel Rider
83:24 Town Patrol
82:51 Elite Skirmisher
82:51 Heavy Cavalry Archer
83:56 Parthian Tactics
83:19 Arson
83:35 Squires
82:55 Pikeman
83:21 Gambesons
82:57 Man-at-Arms
84:01 Dry Dock
83:26 Fishing Lines
87:01 Hussar
89:15 Stone Shaft Mining
89:16 Gold Shaft Mining
88:15 Heavy Scorpion
88:15 Onager
88:16 Capped Ram
88:20 Halberdier
88:20 Long Swordsman
92:06 Fervor
92:11 Block Printing
91:51 Herbal Medicine
92:32 Theocracy
91:57 Devotion
97:26 Siege Ram
100:34 Faith
102:27 Spies/Treason
JakeElPerro
0:31 Loom
13:07 Feudal Age
14:36 Wheelbarrow
19:54 Castle Age
18:03 Double-Bit Axe
18:11 Horse Collar
19:36 Gold Mining
19:40 Stone Mining
20:01 Arson
21:00 Town Watch
24:05 Pikeman
24:45 Squires
29:20 Imperial Age
27:25 Hand Cart
27:54 Caravan
28:37 Gold Shaft Mining
28:05 Heavy Plow
28:18 Bow Saw
30:45 Conscription
32:48 Yeomen
34:10 Two-Man Saw
34:15 Chemistry
33:42 Ballistics
33:24 Padded Archer Armor
33:14 Fletching
35:42 Leather Archer Armor
35:22 Bodkin Arrow
35:47 Elite Longbowman
37:48 Bracer
38:29 Ring Archer Armor
43:13 Scale Mail Armor
43:23 Forging
43:46 Coinage
43:27 Guilds
50:20 Banking
50:53 Halberdier
52:00 Masonry
52:08 Chain Mail Armor
52:28 Iron Casting
51:59 Scale Barding Armor
57:58 Plate Mail Armor
58:28 Blast Furnace
78:33 Chain Barding Armor
78:07 Cavalier
78:48 Husbandry
78:09 Light Cavalry
81:44 Plate Barding Armor
87:27 Heated Shot
87:17 Treadmill Crane
88:08 Architecture
87:43 Siege Engineers
87:34 Murder Holes
87:49 Fortified Wall
87:30 Guard Tower
87:25 Arrowslits
87:09 Man-at-Arms
87:34 Gambesons
101:46 Keep
101:17 Siphons
101:32 Shipwright
101:23 Clinker Construction
101:23 Careening
101:27 Warwolf
100:58 Sappers
102:03 Hoardings
109:28 Town Patrol
Connection lost

Rejoining the realm…

Still unreachable

The connection could not be restored.

Session expired

The server has moved on; the page needs a fresh start.